 Dungeon Crawl Stone Soup version 0.18-a0-721-g8fc53f4 (webtiles) character file.

2256 M4edhros the Covert (level 9, -1/53 HPs)
             Began as an Octopode Artificer on Dec 8, 2015.
             Was a Believer of Fedhas.
             Killed by divine providence
             ... invoked by an orc priest
              (12 damage)
             ... on level 8 of the Dungeon.
             The game lasted 00:13:56 (7435 turns).

M4edhros the Covert (Octopode Artificer)            Turns: 7435, Time: 00:13:58

Health: -1/53      AC:  1    Str: 11    XL:     9   Next: 37%
Magic:  10/14      EV: 13    Int: 17    God:    Fedhas [**....]
Gold:   329        SH:  3    Dex: 12    Spells: 0 memorised, 8 levels left

rFire  . . .     SeeInvis .     C - +1 short sword (speed)
rCold  . . .     Clarity  .     I - +0 buckler
rNeg   . . .     SustAt   .     (helmet restricted)
rPois  .         Gourm    .     (no amulet)
rElec  .         Spirit   .     (no ring)
rCorr  .         Dismiss  .     (no ring)
rMut   .         Stasis   .     (no ring)
MR     .....                    (no ring)
Stlth  ++++++....               (no ring)
                                (no ring)
                                (no ring)
                                (no ring)

@: not resistant to hostile enchantments, very stealthy
A: almost no armour, amphibious, 8 rings, constrict 8, camouflage 1, gelatinous
body 1
a: Evolution, Sunlight, Renounce Religion


You were on level 8 of the Dungeon.
You worshipped Fedhas.
Fedhas was pleased with you.
You were not hungry.

You visited 2 branches of the dungeon, and saw 9 of its levels.
You also visited: Sewer.

You collected 329 gold pieces.

Inventory:

Hand Weapons
 u - a +0 hunting sling
 C - a +1 short sword of speed (weapon)
 E - a +0 blowgun
 H - a +1 dagger of chaos
Missiles
 j - 13 poisoned sling bullets
 q - 111 stones (quivered)
 A - 34 sling bullets
 F - 12 poisoned needles
Armour
 I - a +0 buckler (worn)
Wands
 b - a wand of flame (5)
 c - a wand of enslavement (13)
 d - a wand of random effects (12)
 M - a wand of confusion (36)
Scrolls
 a - a scroll of magic mapping {unknown}
 f - 3 scrolls of fog
 g - 3 scrolls of enchant weapon
 h - 2 scrolls of blinking {unknown}
 k - 3 scrolls of identify
 n - 5 scrolls of teleportation
 o - 5 scrolls of remove curse
 p - 3 scrolls of enchant armour {unknown}
 t - a scroll of amnesia {unknown}
 B - 3 scrolls of recharging {unknown}
 L - a scroll of immolation {unknown}
Potions
 e - a potion of magic
 i - 2 potions of degeneration
 w - 3 potions of heal wounds
 z - 2 potions of agility
 D - a potion of might
 G - 3 potions of flight
 J - 2 potions of haste
 N - a potion of curing
Books
 r - a book of Burglary

   Spells                             Type                      Level
   a - Swiftness                      Charms/Air                   2
   b - Passwall                       Transmutation/Earth          3
   c - Passage of Golubria            Translocation                4
   d - Lee's Rapid Deconstruction     Earth                        5
   e - Darkness                       Hexes                        6
   f - Invisibility                   Hexes                        6
 y - a book of Envenomations

   Spells                             Type                      Level
   a - Spider Form                    Transmutation/Poison         3
   b - Alistair's Intoxication        Transmutation/Poison         4
   c - Olgreb's Toxic Radiance        Poison                       4
   d - Poisonous Cloud                Conjuration/Poison/Air       6
 O - a Grand Grimoire

   Spells                             Type                      Level
   a - Monstrous Menagerie            Summoning                    6
   b - Summon Greater Demon           Summoning                    7
   c - Malign Gateway                 Summoning/Translocation      7
   d - Summon Horrible Things         Summoning                    8
Comestibles
 l - 4 chunks of flesh
 m - 4 beef jerkies
 s - 3 fruits
 v - a bread ration
 x - 5 meat rations


   Skills:
 - Level 1.0 Fighting
 - Level 1.0 Short Blades
 * Level 5.5 Slings
 + Level 4.3 Dodging
 + Level 9.1 Stealth
 * Level 4.1 Invocations
 + Level 7.9 Evocations


You had 8 spell levels left.
You didn't know any spells.

Dungeon Overview and Level Annotations

Branches:
Dungeon (8/15)             Temple (1/1) D:4
   Lair: D:8-11

Altars:
Ashenzari
Cheibriados
Elyvilon
Fedhas
Gozag
Kikubaaqudgha
Makhleb
Nemelex Xobeh
Okawaru
Pakellas
Qazlal
Trog
Vehumet
Xom
Yredelemnul
Zin
The Shining One

Shops:
D:4 }   D:6 =   D:7 %


Innate Abilities, Weirdness & Mutations

You cannot wear most types of armour.
You are amphibious.
You can wear up to eight rings at the same time.
You can use your tentacles to constrict eight enemies at once.
Your skin changes colour to match your surroundings (Stealth).
Your rubbery body absorbs attacks (AC +1).


Message History

Your piety has decreased.
The orc wizard gestures at you while chanting.
The magic dart hits your wandering mushroom.
An orc priest comes into view.
What do you say? t - Shout!
Orders for allies: a - Attack new target. p - Attack previous target. r - Retreat! s - Stop attacking. w - Wait here. f - Follow me.
Anything else - Stay silent.
Gang up on whom?
Press: ? - help, Dir - move target cursor, f - orc wizard, p - wandering mushroom
Aim: an orc wizard, wielding a dagger and wearing a robe Attack!
Your wandering mushroom releases spores at the orc wizard!
The orc wizard is engulfed in a cloud of spores!
The orc priest mumbles some strange prayers to Beogh against you.
Something smites you!
You die...
Fedhas appreciates your contribution to the ecosystem.

..... #.#.# ###
..o. #.#.# #..
#.#.#
..###..##.#.#
......o.#)#.###
.....[#o#.....#
### .....
#ff....♣♣ #...
..## ##f...♣♣
♣.## . #..@[♣
##>..♣ #...♣
###.♣ #.♣ #.♣
#.# #.# #.#


You could see an orc priest, 2 orc wizards and 3 friendly wandering mushrooms.

Vanquished Creatures
  A steam dragon (D:5)
  An ice beast (D:7)
  A slave (D:5)
  An orc warrior (D:7)
  A phantom (D:8)
  A black bear (D:8)
  2 centaurs
  2 ogres
  3 big kobolds (Sewer)
  A giant frog (D:6)
  A scorpion (D:4)
  4 crimson imps
  2 hounds
  Crazy Yiuf (D:7)
  An orc priest (D:6)
  Jessica (D:3)
  A giant frog skeleton (D:6)
  2 orc wizards (D:4)
  6 worker ants
  13 adders
  2 shadow imps
  2 river rats (Sewer)
  An ooze (Sewer)
  5 worms
  6 giant geckos
  12 orcs
  2 goblins (D:2)
  8 hobgoblins
  9 jackals
  3 quokkas
  3 ball pythons (Sewer)
  5 bats
  5 giant cockroaches
  5 giant newts
  A jackal skeleton (D:5)
  10 kobolds
  A quokka skeleton (D:4)
  10 rats
136 creatures vanquished.

Vanquished Creatures (collateral kills)
  Pikel (D:5)
  Duvessa (D:5)
  A giant frog (D:8)
  Dowan (D:5)
  A crimson imp (D:5)
  A centaur skeleton (D:5)
  2 orc wizards (D:6)
  3 orcs (D:6)
  A ball python (Sewer)
12 creatures vanquished.

Vanquished Creatures (others)
  A giant cockroach (D:6)
  2 wandering mushrooms
  67 toadstools
70 creatures vanquished.

Grand Total: 218 creatures vanquished

Notes
Turn   | Place    | Note
--------------------------------------------------------------
     0 | D:1      | M4edhros the Octopode Artificer began the quest for the Orb.
     0 | D:1      | Reached XP level 1. HP: 13/13 MP: 3/3
   213 | D:1      | Reached XP level 2. HP: 13/18 MP: 4/4
   699 | D:3      | Noticed Jessica
   706 | D:3      | Killed Jessica
   706 | D:3      | Reached skill level 4 in Evocations
   706 | D:3      | Reached XP level 3. HP: 19/23 MP: 4/6
   877 | D:4      | Reached XP level 4. HP: 14/28 MP: 7/7
  1055 | D:4      | Found an iron altar of Okawaru.
  1126 | D:4      | Reached skill level 5 in Stealth
  1126 | D:4      | Reached skill level 5 in Evocations
  1126 | D:4      | Reached XP level 5. HP: 15/33 MP: 8/8
  1375 | D:4      | Found a staircase to the Ecumenical Temple.
  1388 | Temple   | Entered the Ecumenical Temple
  1533 | Temple   | Became a worshipper of Fedhas Madash
  1607 | D:2      | Reached skill level 6 in Stealth
  1607 | D:2      | Reached XP level 6. HP: 31/38 MP: 10/10
  3013 | D:3      | Found a glowing silver altar of Zin.
  3013 | D:3      | Found an ancient bone altar of Kikubaaqudgha.
  3243 | D:4      | Found Urelyfia's Gadget Boutique.
  3291 | D:4      | Reached skill level 7 in Stealth
  3368 | D:4      | Found a basalt altar of Yredelemnul.
  3450 | D:4      | Found a bloodstained altar of Trog.
  3487 | D:4      | Found a glowing golden altar of the Shining One.
  3489 | D:4      | Noticed an angel
  3776 | D:5      | Entered Level 5 of the Dungeon
  3855 | D:5      | Reached * piety under Fedhas
  3884 | D:5      | Noticed a steam dragon
  3908 | D:5      | Noticed Duvessa
  3908 | D:5      | Noticed Dowan
  3929 | D:5      | Noticed Pikel
  4052 | D:6      | Found Muc Kole's Jewellery Emporium.
  4119 | D:6      | Reached XP level 7. HP: 32/43 MP: 11/11
  4161 | D:6      | Reached skill level 1 in Slings
  4162 | D:6      | HP: 2/43 [giant frog (8)]
  4361 | D:6      | Found an opulent altar of Gozag.
  4387 | D:6      | Found a shattered altar of Ashenzari.
  4516 | D:6      | Found a glowing drain.
  4520 | D:6      | HP: 1/43 [giant gecko (4)]
  4550 | Sewer    | Entered a sewer
  5319 | D:6      | Reached skill level 8 in Stealth
  5319 | D:6      | Reached XP level 8. HP: 40/48 MP: 11/13
  5653 | D:5      | Killed Duvessa
  5659 | D:5      | Killed Dowan
  5823 | D:5      | Found a shimmering altar of Xom.
  5831 | D:5      | Reached skill level 1 in Invocations
  5832 | D:5      | Reached ** piety under Fedhas
  5962 | D:5      | Killed Pikel
  5994 | D:5      | Found a stormy altar of Qazlal.
  6143 | D:5      | Reached XP level 9. HP: 49/53 MP: 14/14
  6308 | D:7      | Found Rioky's Food Shop.
  6329 | D:7      | Reached skill level 5 in Slings
  6428 | D:7      | Found an oddly glowing altar of Pakellas.
  6758 | D:7      | Noticed Crazy Yiuf
  6926 | D:7      | Killed Crazy Yiuf
  7079 | D:8      | Reached skill level 9 in Stealth
  7435 | D:8      | Killed from afar by an orc priest

Vault maps used:
D:1:      evilmike_arrival_crescent
D:2:      minivault_25, kennysheep_generic_room_2
D:3:      grunt_temple_overflow_open, uniq_jessica
D:4:      grunt_temple_overflow_holy_war, kennysheep_okawaru_gauntlet,
          lemuel_crystal_altar, temple_fountains, serial_shops, shop_statue
D:5:      led_xom_imps, marbit_many_paths, first_bread, uniq_pikel, uniq_duvessa
D:6:      kennysheep_little_box, serial_shops, shop, portal_sewer_entry_f,
          kennysheep_nondescript, nicolae_gozag_cash_rules_everything_around_me
D:7:      lemuel_crystal_altar, serial_shops, shop, uniq_crazy_yiuf_cottage
D:8:      nicolae_ru_great_annihilating_truth, hangedman_tree_tricks,
          kennysheep_generic_room_9
Temple:   hc_temple_tempest_star_small
Sewer:    sewer_co_15_rooms

Action                   |  1- 3 |  4- 6 |  7- 9 || total
-------------------------+-------+-------+-------++-------
Melee: Short sword       |    77 |   125 |   200 ||   402
 Fire: Hunting sling     |       |       |    23 ||    23
Invok: Evolution         |       |       |     5 ||     5
Evoke: Wand              |       |     4 |    12 ||    16
  Use: Potion            |     1 |     5 |     6 ||    12
       Scroll            |       |       |     5 ||     5
 Stab: Sleeping          |    11 |    24 |    14 ||    49
       Invisible         |       |       |     1 ||     1
       Confused          |       |       |     3 ||     3
  Eat: Chunk             |       |     2 |     1 ||     3
       Bread ration      |       |     2 |     2 ||     4
